 Dungeon Crawl Stone Soup version 0.20-a0-386-g2d247ea (webtiles) character file.

238 ves the Conjurer (level 5, -1/35 HPs)
             Began as a Mummy Wizard on Dec 29, 2016.
             Killed by divine providence
             ... invoked by an orc priest
              (16 damage)
             ... on level 4 of the Dungeon.
             The game lasted 00:14:12 (4013 turns).

ves the Conjurer (Mummy Wizard)                     Turns: 4013, Time: 00:14:12

Health: -1/35      AC:  2    Str: 10    XL:     5   Next: 78%
Magic:  4/11       EV: 12    Int: 19    God:
Gold:   193        SH:  0    Dex: 10    Spells: 2/12 levels left

rFire  x . .     SeeInvis .     d - +0 short sword
rCold  + + .     Gourm    .     a - +0 robe
rNeg   + + +     Faith    .     (no shield)
rPois  ∞         Spirit   .     b - +0 hat
rElec  .         Reflect  .     (no cloak)
rCorr  .         Harm     .     (no gloves)
MR     .....                    (no boots)
Stlth  ++........               (no amulet)
                                (no ring)
                                n - ring of protection from cold

@: very slightly contaminated, repel missiles
A: no food or potions, fire vulnerability, cold resistance 1, negative energy
resistance 3, torment resistance, unbreathing
a: no special abilities


You were on level 4 of the Dungeon.
You were not hungry.

You visited 1 branch of the dungeon, and saw 4 of its levels.

You collected 193 gold pieces.

Inventory:

Hand Weapons
 d - a +0 short sword (weapon)
 o - a cursed -3 mace
 p - a +0 hand axe of venom
 s - a +3 trident
 t - a cursed -3 falchion
Missiles
 h - 17 poisoned needles
Armour
 a - a +0 robe (worn)
 b - a +0 hat (worn)
Jewellery
 n - a ring of protection from cold (left hand)
 r - an uncursed ring of ice
Wands
 q - a wand of digging (6/24)
Scrolls
 e - 4 scrolls of identify {unknown}
 f - 2 scrolls of remove curse {unknown}
 g - 2 scrolls of blinking {unknown}
 i - 2 scrolls of teleportation {unknown}
 j - a scroll of noise {unknown}
 k - 2 scrolls of amnesia {unknown}
 l - a scroll of random uselessness {unknown}
 m - a scroll of enchant armour {unknown}
Books
 c - a book of Minor Magic

   Spells                             Type                      Level
   a - Magic Dart                     Conjuration                  1
   b - Blink                          Translocation                2
   c - Call Imp                       Summoning                    2
   d - Repel Missiles                 Charms/Air                   2
   e - Slow                           Hexes                        2
   f - Conjure Flame                  Conjuration/Fire             3
   g - Mephitic Cloud                 Conjuration/Poison/Air       3


   Skills:
 - Level 1.0 Short Blades
 - Level 1.5 Dodging
 - Level 1.5 Stealth
 - Level 4.0 Spellcasting
 + Level 4.6 Conjurations
 - Level 0.7 Summonings
 - Level 0.7 Translocations


You had 2 spell levels left.
You knew the following spells:

 Your Spells              Type           Power        Failure   Level  Hunger
a - Magic Dart            Conj           ###.         1%          1    N/A
b - Blink                 Tloc           N/A          17%         2    N/A
c - Repel Missiles        Chrm/Air       #.....       21%         2    N/A
d - Call Imp              Summ           #.......     17%         2    N/A
e - Mephitic Cloud        Conj/Pois/Air  #.......     21%         3    N/A

Dungeon Overview and Level Annotations

Branches:
Dungeon (4/15)
 Temple: D:4-7

Altars:
Elyvilon

Annotations:
D:2 Terence


Innate Abilities, Weirdness & Mutations

You do not eat or drink.
Your flesh is vulnerable to fire.
You are immune to poison.
Your flesh is cold resistant. (rC+)
You are immune to negative energy. (rN+++)
You are immune to unholy pain and torment.
You can survive without breathing.


Message History

A beastly little devil appears in a puff of flame.
Something hits your crimson imp but does no damage.
The orc wizard hits you with a dagger.
Your crimson imp blinks!
The orc wizard mumbles some strange words.
The orc wizard flickers and vanishes!
Deactivating autopickup; reactivate with Ctrl-A.
Casting: Call Imp
Confirm with . or Enter, or press ? or * to list all spells.
A beastly little devil appears in a puff of frigid air.
You hear some strange, mumbled words.
A puff of flame appears from out of thin air!
The puff of flame hits you! The fire burns you terribly!
Your crimson imp barely misses something.
You hear some strange, mumbled words.
Something tries to affect you, but you resist.
Your crimson imp blinks!
The orc priest invokes the aid of Beogh against you.
Beogh smites you!
You die...

..#####.#######.......####....)..
........## #..####..#...##....
######.).######.## ##...####....
##.........## ##..# #####
##..####...######..#
#########..###.#...##...##
........##[......#.#..#.#
######.........#.....##.#
.....<†..######.@....##.#
#####÷..........#.##.##.#
#####.#.........#.55....#
..............#...5.....#
..(...#######.##.###.§..# .######
#.#..# ##o..####### .#
#######....######o#.....# ##
####............###........#
####....#.............5######.#


You could see an orc priest, an orc, 2 friendly crimson imps and a friendly
white imp.

Vanquished Creatures
  A hound (D:4)
  A centaur skeleton (D:4)
  An iguana (D:4)
  An orc wizard (D:4)
  Natasha (D:2)
  3 adders (D:4)
  A worm (D:2)
  A leopard gecko (D:2)
  6 orcs (D:4)
  A giant cockroach (D:3)
  5 goblins
  9 hobgoblins
  4 jackals (D:3)
  2 quokkas (D:2)
  7 bats
  2 frilled lizards (D:1)
  7 kobolds
  A leopard gecko skeleton (D:4)
  A quokka skeleton (D:4)
  8 rats
63 creatures vanquished.

Vanquished Creatures (collateral kills)
  A worker ant (D:4)
  A dart slug (D:4)
  An orc (D:4)
3 creatures vanquished.

Grand Total: 66 creatures vanquished

Notes
Turn   | Place    | Note
-------+----------+-------------------------------------------
     0 | D:1      | ves the Mummy Wizard began the quest for the Orb.
     0 | D:1      | Reached XP level 1. HP: 13/13 MP: 5/5
    52 | D:1      | Reached skill level 1 in Conjurations
   223 | D:1      | Reached XP level 2. HP: 19/19 MP: 2/7
   758 | D:1      | Learned a level 2 spell: Blink
   761 | D:1      | Learned a level 2 spell: Repel Missiles
   997 | D:2      | Reached XP level 3. HP: 2/24 MP: 1/8
  1516 | D:2      | Noticed Natasha
  1523 | D:2      | Killed Natasha
  1523 | D:2      | Reached skill level 1 in Short Blades
  1653 | D:2      | Noticed Terence
  2114 | D:3      | Reached XP level 4. HP: 30/30 MP: 7/10
  2903 | D:3      | Learned a level 2 spell: Call Imp
  2907 | D:3      | Learned a level 3 spell: Mephitic Cloud
  3219 | D:4      | Noticed an ogre
  3235 | D:4      | Reached XP level 5. HP: 27/35 MP: 7/11
  3633 | D:4      | Found a white marble altar of Elyvilon.
  4013 | D:4      | Killed from afar by an orc priest

Vault maps used:
D:1:      minmay_arrival_four_houses
D:2:      minmay_splitting_lines, minmay_pentomino_s2, uniq_terence,
          uniq_natasha, uniq_jessica
D:3:      first_bread, minmay_liquid_box, hangedman_glass_teeth
D:4:      elyvilon_altar_1, uniq_pikel

Skill      XL: |  1  2  3  4  5 |
---------------+----------------+-----
Conjurations   | 1 2 3 4 |  4.6
Short Blades   | 1 |  1.0
Dodging        | |  1.5
Stealth        | |  1.5
Spellcasting   | |  4.0
Summonings     | |  0.7
Translocations | |  0.7

Action                   |  1- 3 |  4- 6 || total
-------------------------+-------+-------++-------
Melee: Short sword       |    18 |     7 ||    25
 Cast: Magic Dart        |    90 |    87 ||   177
       Blink             |     1 |       ||     1
       Repel Missiles    |     1 |       ||     1
       Call Imp          |       |    11 ||    11
Armor: Robe              |     3 |       ||     3
Dodge: Dodged            |    18 |    15 ||    33
